 Dungeon Crawl Stone Soup version 0.30.0-29-ga12c61a403 (webtiles) character file.

Game seed: 3990980499119184131

45 hawla the Firebug (level 3, -3/19 HPs)
             Began as a Deep Elf Fire Elementalist on June 7, 2023.
             Slain by a quokka (4 damage)
             ... on level 3 of the Dungeon.
             The game lasted 00:02:21 (287 turns).

hawla the Firebug (Deep Elf Fire Elementalist)       Turns: 287, Time: 00:02:22

Health: -3/19      AC:  2    Str:  5    XL:     3   Next: 42%
Magic:  8/10       EV: 12    Int: 21    God:
Gold:   6          SH:  0    Dex: 15    Spells: 6/9 levels left

rFire   . . .        c - +0 dagger
rCold   . . .        (no shield)
rNeg    . . .        a - +0 robe
rPois   .            (no helmet)
rElec   .            (no cloak)
rCorr   .            (no gloves)
SInv    .            (no boots)
Will    .....        (no amulet)
Stlth   ++           (no ring)
HPRegen 0.23/turn    (no ring)
MPRegen 0.12/turn

%: no passive effects
@: weak-willed, very slightly contaminated
A: no striking features
a: no special abilities


You were on level 3 of the Dungeon.
You visited 1 branch of the dungeon, and saw 3 of its levels.

You collected 6 gold pieces.

Inventory:

Hand Weapons
 c - a +0 dagger (weapon)
Armour
 a - a +0 robe (worn)


   Skills:
 + Level 2.6 Dodging
 + Level 2.8 Stealth
 + Level 3.9 Spellcasting
 + Level 1.2 Conjurations
 + Level 4.1 Fire Magic


You had 6 spell levels left.
You knew the following spells:

 Your Spells              Type           Power      Damage    Failure   Level
a - Foxfire               Conj/Fire      60%        2x1d7     4%          1
b - Scorch                Fire           42%        2d7       3%          2

Your spell library contained the following spells:

 Spells                   Type           Power      Damage    Failure   Level
 Inner Flame              Hex/Fire       12%        N/A       16%         3
 Volatile Blastmotes      Fire/Tloc      24%        2d12      16%         3
 Flame Wave               Conj/Fire      15%        2d7       38%         4


Dungeon Overview and Level Annotations

Branches:
Dungeon (3/15)

Altars:

Annotations:
D:3 Ijyb


Message History

Confirm with . or Enter, or press ? or * to list all spells.
You conjure some foxfire!
You hit the jackal.
The jackal is moderately wounded.
The foxfire hits the jackal but does no damage.
The jackal is moderately wounded.
The foxfire hits the jackal.
The jackal is severely wounded.
The jackal bites you.
* * * LOW HITPOINT WARNING * * *
The jackal bites you but does no damage.
As you read the scroll labelled GARIOKHL OPOBB, it crumbles to dust.
Magic quickly surges around you.
It was a scroll of vulnerability.
The jackal bites you.
* * * LOW HITPOINT WARNING * * *
The jackal misses you. Magic courses through your body.
The jackal closely misses you. x2
Casting: Foxfire (safe; 4% risk of failure)
Confirm with . or Enter, or press ? or * to list all spells.
You miscast Scorch.
You are very lightly contaminated with residual magic.
Nothing appears to happen.
The jackal bites you but does no damage.
The jackal barely misses you. The jackal bites you.
* * * LOW HITPOINT WARNING * * *
The jackal bites you.
* * * LOW HITPOINT WARNING * * *
Casting: Scorch (safe; 3% risk of failure)
Confirm with . or Enter, or press ? or * to list all spells.
You conjure some foxfire!
The quokka bites you but does no damage.
The jackal barely misses you. The jackal misses you.
You hit the quokka.
The quokka is lightly wounded.
The foxfire hits the jackal.
You kill the jackal!
The foxfire hits the jackal.
The jackal is lightly wounded.
The quokka bites you.
You die...

# .### ...# #..#
.### #.. ...#
#.####§########.#.##
#.....)@r........?..
######h†##.?.......#
##gg#.........#
###o#........?#
#......<......#
#$##.##.##.#..# #.
#....h. # ##...##r#
#.#.. ><


You could see Ijyb (weak-willed), an orc (weak-willed), a quokka, a jackal
(weak-willed) and a hobgoblin (weak-willed).

Vanquished Creatures
  Natasha (D:2)
  An adder (D:2)
  A dart slug (D:2)
  2 bats (D:2)
  A goblin (D:2)
  A jackal (D:3)
  A quokka (D:2)
  A frilled lizard (D:1)
  2 kobolds (D:2)
  A rat (D:2)
12 creatures vanquished.

Vanquished Creatures (others)
  31 foxfires
31 creatures vanquished.

Grand Total: 43 creatures vanquished

Notes
Turn   | Place    | Note
-------+----------+-------------------------------------------
     0 | D:1      | hawla the Deep Elf Fire Elementalist began the quest for
                  | the Orb.
     0 | D:1      | Reached XP level 1. HP: 10/10 MP: 6/6
    46 | D:2      | Reached XP level 2. HP: 15/15 MP: 6/8
    49 | D:2      | Learned a level 2 spell: Scorch
   175 | D:2      | Noticed Natasha
   257 | D:2      | Killed Natasha
   258 | D:2      | Reached skill level 4 in Fire Magic
   258 | D:2      | Reached XP level 3. HP: 12/19 MP: 0/10
   276 | D:3      | Noticed Ijyb
   287 | D:3      | Slain by a quokka

Illustrated notes

Levels and vault maps discovered:
D:1:      tarquinn_simple_flora_water_c, layout_loops_cross,
          hellmonk_ecumenical_altar_blasted, minmay_pentomino_p4
D:2:      layout_basic, serial_bayou, serial_bayou_lagoon_a,
          serial_bayou_pond_e, serial_bayou_pond_b, serial_bayou_lake_a,
          basic_altar, uniq_natasha, uniq_jessica
D:3:      layout_basic, uniq_ijyb

Skill      XL: |  1  2 |
---------------+-------+-----
Fire Magic     | 4 |  4.1
Dodging        | |  2.6
Stealth        | |  2.8
Spellcasting   | |  3.9
Conjurations   | |  1.2

Action                     || total
---------------------------++-------
  Melee: Dagger            ||     4
   Cast: Foxfire           ||    16
         Scorch            ||     3
    Use: Scroll            ||     1
         Potion            ||     1
 Armour: Robe              ||     3
  Dodge: Dodged            ||    12
